 Dungeon Crawl Stone Soup version 0.24.0-1-gfbc8707122 (webtiles) character file.

Game seed: 16562727980031143355, levelgen mode: deterministic

141696 Esekla the Slicer (level 17, 0/89 HPs)
             Began as a Vine Stalker Arcane Marksman on Oct 27, 2019.
             Was the Champion of Vehumet.
             Slain by a wolf spider (1 damage)
             ... on level 3 of the Spider Nest on Oct 28, 2019.
             The game lasted 05:33:16 (31770 turns).

Esekla the Slicer (Vine Stalker Arcane Marksman)   Turns: 31770, Time: 05:33:18

Health: 0/89       AC:  7    Str: 22    XL:     17   Next: 33%
Magic:  0/40       EV: 10    Int: 17    God:    Vehumet [******]
Gold:   1602       SH:  0    Dex: 22    Spells: 1/35 levels left

rFire    + + .     SeeInvis +   l - +6 long sword of Terra Cotta {slice, rPois rC+ MP+9}
rCold    + . .     Gourm    .   (no shield)
rNeg     . . .     Faith    .   (no armour)
rPois    +         Spirit   +   r - +0 mask of the Dragon {MR+ Slay+3 SInv}
rElec    +         Reflect  .   X - +2 cloak {+Inv}
rCorr    .         Harm     .   K - +1 pair of gloves
MR       ++++.                  H - +1 pair of boots {Stlth+}
Stlth    ++++++....             F - amulet of rage
HPRegen  2.04/turn              Q - ring of Wu Jian's Favour {rPois Str+3 Int+2}
MPRegen  0.27/turn              P - ring of Izoifrol {rF+ Str+6 Slay+5 SInv}

@: held, regenerating (expiring)
A: fangs 3, thin skeletal structure 1, fire resistance 1, magic resistance 1,
sense surroundings 1, regeneration 2, electricity resistance, magic shield,
antimagic bite, no potion heal 3, rot immunity
a: Renounce Religion, Evoke Berserk Rage, Evoke Invisibility


You were on level 3 of the Spider Nest.
You worshipped Vehumet.
Vehumet was exalted by your worship.
You were not hungry.

You visited 8 branches of the dungeon, and saw 30 of its levels.
You also visited: Sewer and Gauntlet.

You collected 2538 gold pieces.
You spent 936 gold pieces at shops.

Inventory:

Hand Weapons
 l - the +6 long sword of Terra Cotta (weapon) {slice, rPois rC+ MP+9}
   (You found it on level 6 of the Lair of Beasts)

   It inflicts extra damage upon your enemies.
   It protects you from cold.
   It protects you from poison.
   It affects your magic capacity (+9).
 s - the +7 rapier of the Ship {pierce, rElec rC+ Int-4 Stlth+}
   (You found it on level 3 of the Lair of Beasts)

   It inflicts extra damage upon your enemies.
   It affects your intelligence (-4).
   It protects you from cold.
   It insulates you from electricity.
   It makes you more stealthy.
 u - the +4 spear "Edaily" {venom, rElec rPois rN+ MP+9}
   (You found it on level 12 of the Dungeon)

   It poisons the flesh of those it strikes.
   It insulates you from electricity.
   It protects you from poison.
   It protects you from negative energy.
   It affects your magic capacity (+9).
 v - a +4 dagger of venom
Missiles
 c - 32 javelins
 d - 5 throwing nets
 i - 31 poisoned darts (quivered)
 z - 3 boomerangs
Armour
 r - the +0 mask of the Dragon (worn) {MR+ Slay+3 SInv}
   (You acquired it on level 6 of the Lair of Beasts)

   It affects your accuracy and damage with ranged weapons and melee attacks
   (+3).
   It affects your resistance to hostile enchantments.
   It lets you see invisible.
 A - a +2 helmet
 D - a scarf of cloud immunity
 H - a +1 pair of boots of stealth (worn)
 K - a +1 pair of gloves (worn)
 L - a +1 leather armour of cold resistance
 T - a +2 robe of fire resistance
 X - a +2 cloak of invisibility (worn)
 Z - a +2 robe of magic resistance
Jewellery
 C - an uncursed ring of resist corrosion
 F - an amulet of rage (around neck)
 P - the ring of Izoifrol (right hand) {rF+ Str+6 Slay+5 SInv}
   (You found it on level 10 of the Dungeon)

   [ring of see invisible]

   It affects your strength (+6).
   It affects your accuracy and damage with ranged weapons and melee attacks
   (+5).
   It protects you from fire.
   It lets you see invisible.
 Q - the ring of Wu Jian's Favour (left hand) {rPois Str+3 Int+2}
   (You found it on level 11 of the Dungeon)

   [ring of poison resistance]

   It affects your strength (+3).
   It affects your intelligence (+2).
   It protects you from poison.
Wands
 h - a wand of clouds (15)
 n - a wand of acid (25)
 o - a wand of scattershot (5)
 y - a wand of iceblast (21)
 G - a wand of disintegration (47)
 J - a wand of paralysis (29)
 W - a wand of flame (30)
 Y - a wand of digging (4)
Scrolls
 a - 2 scrolls of holy word
 e - 12 scrolls of teleportation
 k - 6 scrolls of enchant weapon
 q - 2 scrolls of fog
 w - 3 scrolls of blinking
 B - a scroll of amnesia
 E - 2 scrolls of magic mapping
 O - 2 scrolls of fear
 S - 4 scrolls of enchant armour
 U - 5 scrolls of remove curse
Potions
 b - 3 potions of berserk rage
 g - a potion of might
 j - 3 potions of lignification
 m - 2 potions of magic
 p - 5 potions of curing
 t - 2 potions of invisibility
 x - a potion of brilliance
 I - 2 potions of haste
 M - 2 potions of agility
 N - 6 potions of ambrosia
 V - a potion of flight {unknown}
Miscellaneous
 R - a lamp of fire
Comestibles
 f - 32 rations


   Skills:
 + Level 10.1 Fighting
 - Level 11.4(12.2) Short Blades
 * Level 7.4(10.4) Long Blades
 - Level 1.7 Throwing
 + Level 8.7 Dodging
 - Level 7.3 Stealth
 * Level 9.7 Spellcasting
 * Level 9.4 Conjurations
 * Level 4.1 Hexes
 + Level 7.0 Charms
 + Level 6.8 Necromancy
 + Level 7.1 Translocations
 * Level 2.3 Transmutations
 * Level 1.1 Ice Magic
 + Level 6.6 Air Magic
 * Level 9.4 Poison Magic
 * Level 6.1 Evocations


You had one spell level left.
You knew the following spells:

 Your Spells              Type           Power        Failure   Level  Hunger
a - Apportation           Tloc           ####..       1%          1    None
b - Blink                 Tloc           N/A          1%          2    None
c - Mephitic Cloud        Conj/Pois/Air  #####...     1%          3    None
d - Dazzling Spray        Conj/Hex       ####..       1%          3    None
e - Searing Ray           Conj           #####.       1%          2    None
f - Freezing Cloud        Conj/Ice/Air   ####......   30%         6    ######.
g - Regeneration          Chrm/Necr      ####......   1%          3    None
i - Irradiate             Conj/Tmut      ####......   6%          5    #####..
k - Tukima's Dance        Hex            ###.....     4%          3    None
r - Poison Arrow          Conj/Pois      #####.....   7%          6    ######.

Your spell library contained the following spells:

 Spells                   Type           Power        Failure   Level  Hunger
 Animate Skeleton         Necr           N/A          1%          1    None
 Confusing Touch          Hex            ###...       1%          1    None
 Corona                   Hex            ###....      1%          1    None
 Magic Dart               Conj           ####         1%          1    None
 Pain                     Necr           ####         1%          1    None
 Sting                    Conj/Pois      ####         1%          1    None
 Sandblast                Erth           #.....       2%          1    None
 Summon Small Mammal      Summ           #...         9%          1    None
 Corpse Rot               Necr           N/A          1%          2    None
 Sublimation of Blood     Necr           ####......   1%          2    None
 Conjure Flame            Conj/Fire      ###.....     1%          3    None
 Ignite Poison            Fire/Tmut/Pois ###.....     1%          3    None
 Stone Arrow              Conj/Erth      ###...       1%          3    None
 Vampiric Draining        Necr           ####......   1%          3    None
 Force Lance              Conj/Tloc      #####...     1%          4    ###....
 Fulminant Prism          Conj/Hex       ####......   1%          4    ###....
 Iskenderun's Mystic Bla  Conj           #####...     1%          4    ###....
 Slow                     Hex            ###.....     2%          2    None
 Portal Projectile        Hex/Tloc       ####..       2%          3    None
 Inner Flame              Hex/Fire       ###.....     3%          3    None
 Ensorcelled Hibernation  Hex/Ice        ###...       4%          2    None
 Confuse                  Hex            ###.....     4%          3    None
 Animate Dead             Necr           N/A          5%          4    ###....
 Passwall                 Tmut/Erth      ##......     9%          2    None
 Call Imp                 Summ           #.......     13%         2    None
 Cause Fear               Hex            ###.......   16%         4    ###....
 Bolt of Magma            Conj/Fire/Erth ###.......   17%         5    #####..
 Alistair's Intoxication  Tmut/Pois      ####....     22%         5    #####..
 Leda's Liquefaction      Hex/Erth       ###.......   36%         4    ###....
 Bolt of Fire             Conj/Fire      ###.......   41%         6    ######.
 Petrify                  Tmut/Erth      ##......     47%         4    ###....
 Lee's Rapid Deconstruct  Erth           #.........   50%         5    #####..
 Summon Forest            Summ/Tloc      ###.......   50%         5    #####..
 Summon Demon             Summ           #.........   94%         5    #####..
 Hydra Form               Tmut           ###.......   99%         6    ######.
 Summon Hydra             Summ           #.........   100%        7    #######


Dungeon Overview and Level Annotations

Branches:
Dungeon (15/15)            Temple (1/1) D:7            Lair (6/6) D:11
  Swamp (1/4) Lair:3       Spider (3/4) Lair:3        Slime (0/5) Lair:6
    Orc (2/2) D:9             Elf (1/3) Orc:2        Vaults (0/5) D:14
 Depths (1/5) D:15          Sewer (visited)         Gauntlet (visited)

Altars:
Ashenzari
Dithmenos
Gozag
Hepliaklqana
Ru
Sif Muna
Trog
Uskayaw
Vehumet
Xom
The Shining One

Shops:
D:5 %   D:8 %   D:9 [*}*%   Orc:2 }[%%   Depths:1 :

Portals:
Hell: Depths:1
Ziggurat: Depths:1

Annotations:
Lair:6 exclusion: 2 oklob plants
Depths:1 Asterion, Bai Suzhen


Innate Abilities, Weirdness & Mutations

You have razor-sharp teeth.
You heal very quickly.
When hurt, damage is shared between your health and your magic reserves.
Your bite disrupts and absorbs the magic of your enemies.
Potions cannot restore your health.
You are immune to rotting.
You have a somewhat thin skeletal structure. (Dex +2, Stealth)
Your flesh is heat resistant. (rF+)
You are resistant to hostile enchantments. (MR+)
You passively map a small area around you.
You are resistant to electric shocks. (rElec)


Message History

The orb spider pulsates with a strange energy. 2 redbacks come into view.
Your skin is crawling a little less now.
A redback comes into view.
The jumping spider pounces on you!
* * * LOW HITPOINT WARNING * * *
You are caught in a web!
The jumping spider bites you but does no damage.
The jumping spider leaps!
The jumping spider pounces on you!
* * * LOW HITPOINT WARNING * * *
You are even more entangled.
The jumping spider bites you.
* * * LOW HITPOINT WARNING * * *
There is a web here.
You struggle to detach yourself from the web.
The jumping spider leaps!
The wolf spider hits you!!
* * * LOW HITPOINT WARNING * * *
The wolf spider closely misses you. The wolf spider hits you!
* * * LOW HITPOINT WARNING * * *
The wolf spider bites you.
You die...

##...................s.
##..........^...........
*
#........○..............
*
,.....s..................
, ,
^....................^..
.........†.^............
,
...°°..^................
.s...sss...[........:...
..s..ss@s...............
.....s<..^..............
,
..!......####...........
*
#........#............††
........##......^......<
*
..s.....#....^..........
*
.......##...............
.......#^...%...........
, ,*#####.........^..


You could see 2 wolf spiders, an orb spider, 3 jumping spiders and 5 redbacks.

Vanquished Creatures
  Rupert (Lair:3)
  Donald (Orc:2)
  A fire giant (D:15)
  Louise (Spider:2)
  2 very ugly things (D:15)
  2 entropy weavers
  6 dire elephants (Lair:6)
  A minotaur (Gauntlet)
  Snorg (Lair:3)
  A death ooze (Gauntlet)
  2 fire dragons (Depths:1)
  5 ogre magi
  Erolcha (Orc:1)
  4 vault guards (D:14)
  9 hydras
  An anaconda (Lair:6)
  An ice dragon (Depths:1)
  2 centaur warriors
  23 two-headed ogres
  2 orc high priests
  Sonja (Lair:2)
  A deep elf knight (Elf:1)
  3 unseen horrors
  A wizard (D:15)
  Pikel (D:6)
  13 wolf spider zombies (Spider:1)
  12 wolf spiders
  An orc sorcerer (Orc:2)
  4 manticores
  An oklob plant (D:11)
  A necromancer (Spider:1)
  11 deep elf magi
  5 orb spiders
  20 ugly things
  A cyclops (Orc:2)
  12 elephants
  3 gargoyles
  4 black mambas
  A smoke demon (Gauntlet)
  7 spiny frogs
  A torpor snail (Gauntlet)
  A yaktaur (Depths:1)
  13 redback zombies (Spider:1)
  3 kobold demonologists
  5 rime drakes
  2 komodo dragons
  7 demonic crawlers
  11 jumping spiders
  2 tengu conjurers (D:15)
  5 trolls
  8 tarantella zombies (Spider:1)
  A polar bear (Lair:5)
  3 hornets
  2 tyrant leeches (Lair:3)
  8 blink frogs
  2 hippogriffs
  A slime creature (Lair:1)
  6 dream sheep (Lair:4)
  18 redbacks
  A spriggan (D:7)
  A ynoxinul (Gauntlet)
  65 yaks
  5 vampires
  A wraith (D:10)
  5 tarantellas
  4 wyverns
  8 humans
  3 basilisks
  A hog (shapeshifter) (D:15)
  2 steam dragons
  4 hungry ghosts
  The ghost of Esos the Chiller, an amateur DgIE (D:4)
  2 wargs (Orc:2)
  8 vampire mosquitoes
  Edmund (D:7)
  Menkaure (D:7)
  2 swamp worms (Lair:3)
  A soldier ant (D:14)
  An acid dragon (D:11)
  13 water moccasins
  7 porcupines
  2 sky beasts
  5 phantoms
  2 slaves
  2 necrophages
  3 ice beasts
  30 ogres
  14 orc warriors
  14 centaurs
  10 big kobolds
  9 crocodiles
  14 bullfrogs
  A wyvern skeleton (D:13)
  3 scorpions
  12 killer bees
  2 howler monkeys
  4 centaur zombies
  4 electric eels
  13 crimson imps
  7 jellies
  6 hounds
  7 orc priests
  3 bullfrog skeletons
  3 bullfrog zombies
  2 gnoll shamans
  4 centaur skeletons
  4 iron imps (Gauntlet)
  26 orc wizards
  4 iguanas
  Natasha (thrice) (D:3)
  9 worker ants
  2 hound skeletons
  A howler monkey zombie (D:8)
  12 gnolls
  A worker ant zombie (D:9)
  A howler monkey skeleton (D:5)
  28 adders
  3 river rats
  5 shadow imps
  21 oozes
  An adder skeleton (D:9)
  2 worms
  11 leopard geckos
  57 orcs
  6 ball pythons
  4 giant cockroaches
  8 hobgoblins
  2 jackals (D:6)
  6 quokkas
  A ball python zombie (D:5)
  7 bats
  4 frilled lizards
  7 goblins
  A jackal skeleton (D:4)
  40 kobolds
  A leopard gecko skeleton (D:4)
  A leopard gecko zombie (D:5)
  16 rats
  A butterfly (Lair:6)
  4 plants
882 creatures vanquished.

Vanquished Creatures (others)
  9 fungi
  6 plants
  2 toadstools (D:7)
  A withered plant (Gauntlet)
18 creatures vanquished.

Grand Total: 900 creatures vanquished

Notes
Turn   | Place    | Note
-------+----------+-------------------------------------------
     0 | D:1      | Esekla the Vine Stalker Arcane Marksman began the quest for
                  | the Orb.
     0 | D:1      | Reached XP level 1. HP: 9/9 MP: 3/3
     5 | D:1      | Reached skill level 1 in Fighting
   255 | D:1      | Reached XP level 2. HP: 9/14 MP: 4/4
   701 | D:2      | Reached XP level 3. HP: 15/18 MP: 5/5
   716 | D:2      | Reached skill level 1 in Short Blades
  1073 | D:3      | Gained mutation: Your natural rate of healing is unusually
                  | fast. [Vine Stalker growth]
  1073 | D:3      | Reached XP level 4. HP: 18/23 MP: 4/6
  1097 | D:3      | Reached skill level 1 in Stealth
  1165 | D:3      | Found a glowing drain.
  1170 | Sewer    | Entered a sewer
  1318 | Sewer    | Noticed a big kobold
  1323 | Sewer    | Reached XP level 5. HP: 25/27 MP: 7/7
  1381 | Sewer    | Killed a big kobold
  1381 | Sewer    | Reached skill level 2 in Short Blades
  1469 | Sewer    | Noticed a big kobold
  1502 | Sewer    | Killed a big kobold
  1502 | Sewer    | Reached XP level 6. HP: 30/32 MP: 6/8
  1553 | Sewer    | Reached skill level 3 in Short Blades
  1675 | Sewer    | Reached XP level 7. HP: 36/36 MP: 9/9
  1972 | D:3      | Noticed Natasha
  1995 | D:3      | Killed Natasha
  2040 | D:3      | Noticed Natasha
  2052 | D:3      | Killed Natasha
  2114 | D:3      | Reached skill level 4 in Short Blades
  2473 | D:3      | Noticed Natasha
  2487 | D:3      | Killed Natasha
  3155 | D:4      | Found a transporter.
  3156 | D:4      | Noticed Esos's ghost (amateur DgIE)
  3227 | D:4      | Found a transporter.
  3715 | D:5      | Entered Level 5 of the Dungeon
  3825 | D:5      | Reached skill level 5 in Short Blades
  3825 | D:5      | Gained mutation: You have razor-sharp teeth. [Vine Stalker
                  | growth]
  3825 | D:5      | Reached XP level 8. HP: 39/42 MP: 10/10
  4065 | D:5      | Found Ehem's Food Boutique.
  5013 | D:6      | Reached skill level 1 in Evocations
  5020 | D:6      | Reached skill level 6 in Short Blades
  5020 | D:6      | Reached skill level 5 in Stealth
  5054 | D:6      | Noticed Pikel
  5362 | D:7      | Noticed Menkaure
  5589 | D:6      | Reached XP level 9. HP: 29/46 MP: 8/11
  5665 | D:6      | Killed Pikel
  5665 | D:6      | Reached skill level 5 in Fighting
  5685 | D:6      | Noticed Edmund
  5708 | D:6      | Learned a level 2 spell: Blink
  5712 | D:6      | Learned a level 3 spell: Mephitic Cloud
  6113 | D:6      | Reached skill level 7 in Short Blades
  6312 | D:6      | Reached skill level 1 in Translocations
  6312 | D:6      | Reached skill level 1 in Poison Magic
  6852 | D:7      | Reached skill level 1 in Conjurations
  6917 | D:7      | Reached skill level 1 in Air Magic
  7157 | D:7      | Found a staircase to the Ecumenical Temple.
  7257 | D:7      | Reached XP level 10. HP: 53/53 MP: 14/14
  7272 | Temple   | Entered the Ecumenical Temple
  7297 | Temple   | Became a worshipper of Vehumet
  7680 | D:7      | Found a shimmering blue altar of Sif Muna.
  7780 | D:7      | Killed Menkaure
  8194 | D:7      | Killed Edmund
  8370 | D:8      | Reached * piety under Vehumet
  8370 | D:8      | Offered knowledge of Sting by Vehumet.
  8826 | D:9      | Found Ataozele's Food Emporium.
  8895 | D:9      | Found Ketimm's General Store.
  8910 | D:9      | Bought a +0 pair of boots of stealth for 138 gold pieces
  8910 | D:9      | Bought a scroll of noise for 12 gold pieces
  8946 | D:9      | Found Bibe's Gadget Emporium.
  9058 | D:9      | Found Kapourch's Antique Armour Shoppe.
  9097 | D:9      | Bought a dyed leather armour for 145 gold pieces
  9504 | D:9      | Found Gaul's Assorted Antiques.
  9512 | D:9      | Bought a scroll labeled ANGIRUNKOT for 29 gold pieces
  9522 | D:9      | Gained mutation: You have a somewhat thin skeletal
                  | structure. (Dex +2, Stealth) [potion of mutation]
  9522 | D:9      | Gained mutation: You have sharp toenails. [potion of
                  | mutation]
  9522 | D:9      | Gained mutation: Your skin changes colour to match your
                  | surroundings (Stealth+). [potion of mutation]
  9522 | D:9      | Gained mutation: You are agile. (Dex +2) [potion of
                  | mutation]
  9748 | D:8      | Found Ilecul's Food Boutique.
 10093 | D:9      | Reached skill level 5 in Dodging
 10296 | D:9      | Reached ** piety under Vehumet
 10316 | D:9      | Offered knowledge of Shock by Vehumet.
 10404 | D:9      | Found a staircase to the Orcish Mines.
 10629 | D:10     | Entered Level 10 of the Dungeon
 10640 | D:10     | Found a shimmering blue altar of Sif Muna.
 11017 | D:10     | Reached XP level 11. HP: 58/58 MP: 17/17
 11106 | D:10     | Got a sparkling brass ring
 11107 | D:10     | Identified the ring of Izoifrol {rF+ Str+6 Slay+5 SInv}
                  | (You found it on level 10 of the Dungeon)
 11124 | D:10     | Offered knowledge of Throw Flame by Vehumet.
 11154 | D:10     | Found a shimmering altar of Xom.
 11235 | D:10     | Reached skill level 8 in Short Blades
 11302 | D:10     | Reached *** piety under Vehumet
 11790 | D:4      | Killed Esos's ghost
 12026 | D:11     | Noticed a manticore
 12031 | D:11     | Killed a manticore
 12158 | D:11     | Found a sacrificial altar of Ru.
 12177 | D:11     | Got a scintillating jade ring
 12178 | D:11     | Noticed a green ugly thing
 12184 | D:11     | Killed a green ugly thing
 12208 | D:11     | Identified the ring of Wu Jian's Favour {rPois Str+3 Int+2}
                  | (You found it on level 11 of the Dungeon)
 12277 | D:11     | Noticed an oklob plant
 12278 | D:11     | Found a staircase to the Lair.
 12540 | D:11     | Noticed a two-headed ogre
 12551 | D:11     | Offered knowledge of Airstrike by Vehumet.
 12669 | D:11     | Killed a two-headed ogre
 12696 | D:11     | Reached **** piety under Vehumet
 12768 | D:11     | Offered knowledge of Force Lance by Vehumet.
 12789 | D:11     | Reached skill level 9 in Short Blades
 12897 | D:11     | Gained mutation: You heal very quickly. [Vine Stalker
                  | growth]
 12897 | D:11     | Reached XP level 12. HP: 63/63 MP: 20/20
 12912 | D:11     | Reached skill level 5 in Translocations
 12920 | D:11     | Found a shattered altar of Ashenzari.
 13076 | D:11     | Noticed a two-headed ogre
 13081 | D:11     | Killed a two-headed ogre
 13829 | D:9      | Bought a book of Necromancy for 360 gold pieces
 13833 | D:9      | Learned a level 3 spell: Regeneration
 14063 | D:13     | Reached skill level 5 in Spellcasting
 14063 | D:13     | Reached skill level 5 in Poison Magic
 14092 | D:13     | Reached ***** piety under Vehumet
 14111 | D:13     | Offered knowledge of Spellforged Servitor by Vehumet.
 14111 | D:13     | Reached skill level 5 in Conjurations
 14111 | D:13     | Reached skill level 1 in Necromancy
 14204 | D:13     | Reached skill level 1 in Charms
 14204 | D:13     | Reached skill level 5 in Air Magic
 14206 | D:13     | Noticed a two-headed ogre
 14234 | D:13     | Killed a two-headed ogre
 14570 | D:12     | Got a steaming spear
 14612 | D:12     | Reached skill level 10 in Short Blades
 14648 | D:12     | Learned a level 1 spell: Apportation
 14778 | D:11     | Identified the +4 spear "Edaily" {venom, rElec rPois rN+
                  | MP+9} (You found it on level 12 of the Dungeon)
 14839 | D:11     | Lost mutation: You have a somewhat thin skeletal structure.
                  | (Dex +2, Stealth) [potion of mutation]
 14839 | D:11     | Lost mutation: You have sharp toenails. [potion of
                  | mutation]
 14839 | D:11     | Lost mutation: You are agile. (Dex +2) [potion of mutation]
 14839 | D:11     | Gained mutation: You have a pair of small horns on your
                  | head. [potion of mutation]
 14839 | D:11     | Gained mutation: You passively map a small area around you.
                  | [potion of mutation]
 15061 | D:12     | Noticed a four-headed hydra
 15072 | D:12     | Killed a four-headed hydra
 15072 | D:12     | Reached XP level 13. HP: 57/68 MP: 18/22
 15526 | D:12     | Lost mutation: You have a pair of small horns on your head.
                  | [potion of mutation]
 15526 | D:12     | Lost mutation: Your skin changes colour to match your
                  | surroundings (Stealth+). [potion of mutation]
 15526 | D:12     | Gained mutation: You are resistant to electric shocks.
                  | (rElec) [potion of mutation]
 15526 | D:12     | Gained mutation: You have a somewhat thin skeletal
                  | structure. (Dex +2, Stealth) [potion of mutation]
 15526 | D:12     | Gained mutation: Your flesh is heat resistant. (rF+)
                  | [potion of mutation]
 15526 | D:12     | Gained mutation: You are resistant to hostile enchantments.
                  | (MR+) [potion of mutation]
 16274 | Lair:1   | Entered Level 1 of the Lair of Beasts
 17397 | Lair:2   | Offered knowledge of Poison Arrow by Vehumet.
 17403 | Lair:2   | Noticed Sonja
 17405 | Lair:2   | Learned a level 6 spell: Poison Arrow
 17420 | Lair:2   | Killed Sonja
 17891 | Lair:3   | Noticed Rupert
 18014 | Lair:3   | Killed Rupert
 18083 | Lair:3   | Got an ichor-stained rapier
 18100 | Lair:3   | Identified the +7 rapier of the Ship {pierce, rElec rC+
                  | Int-4 Stlth+} (You found it on level 3 of the Lair of
                  | Beasts)
 18200 | Lair:3   | Noticed Snorg
 18208 | Lair:3   | Killed Snorg
 18319 | Lair:3   | Reached XP level 14. HP: 61/74 MP: 23/25
 18641 | Lair:3   | Found a staircase to the Swamp.
 18674 | Swamp:1  | Entered Level 1 of the Swamp
 18747 | Lair:3   | Found a hole to the Spider Nest.
 18783 | Spider:1 | Entered Level 1 of the Spider Nest
 19021 | Spider:1 | Reached skill level 5 in Charms
 19076 | Spider:1 | Reached skill level 5 in Necromancy
 19419 | Lair:4   | Found a gate leading to a gauntlet.
 19437 | Gauntlet | Entered a Gauntlet
 19437 | Gauntlet | Found a transporter.
 19437 | Gauntlet | Found a transporter.
 19437 | Gauntlet | Found a transporter.
 19457 | Gauntlet | Found a transporter.
 19462 | Gauntlet | Found a transporter.
 19483 | Gauntlet | Found a transporter.
 19511 | Gauntlet | Found a transporter.
 19521 | Gauntlet | Found a transporter.
 19532 | Gauntlet | Found a transporter.
 19549 | Gauntlet | Found a transporter.
 19557 | Gauntlet | Found a transporter.
 19583 | Gauntlet | Found a transporter.
 19831 | Gauntlet | Offered knowledge of Bolt of Cold by Vehumet.
 20023 | Gauntlet | Got a heavily runed ivory amulet
 20025 | Gauntlet | Identified the amulet of the Stag {Acrobat Str+4 Slay-2
                  | SInv} (You found it in a Gauntlet)
 20076 | Gauntlet | Reached skill level 11 in Short Blades
 20159 | Gauntlet | Identified the Disquisition on Companions and Arcane
                  | Weapons
 20968 | Lair:5   | Reached XP level 15. HP: 79/79 MP: 28/28
 21595 | Lair:6   | Entered Level 6 of the Lair of Beasts
 22185 | Lair:4   | You fall into a shaft and drop 2 floors!
 22800 | Lair:6   | Found a staircase to the Slime Pits.
 23853 | Lair:6   | Identified a scroll of acquirement
 23854 | Lair:6   | Found the +0 mask of the Dragon {MR+ Slay+3 SInv}
 24081 | D:9      | Bought a wand of digging (5) for 252 gold pieces
 24433 | Lair:6   | Got an ancient long sword
 24434 | Lair:6   | Identified the +6 long sword of Terra Cotta {slice, rPois
                  | rC+ MP+9} (You found it on level 6 of the Lair of Beasts)
 24696 | D:9      | Offered knowledge of Ozocubu's Refrigeration by Vehumet.
 24839 | D:7      | Identified Sif Muna's Collected Works on Toxins
 24897 | Orc:1    | Entered Level 1 of the Orcish Mines
 25074 | Orc:2    | Entered Level 2 of the Orcish Mines
 25074 | Orc:2    | Found a staircase to the Elven Halls.
 25158 | Orc:2    | Noticed Donald
 25178 | Orc:1    | Reached skill level 1 in Long Blades
 25457 | Orc:2    | Killed Donald
 25662 | Orc:2    | Reached XP level 16. HP: 84/84 MP: 29/29
 25750 | Orc:2    | Found Pelarphi's Food Shop.
 25750 | Orc:2    | Found Otogreh's Gadget Emporium.
 25751 | Orc:2    | Found Nuogegy's Food Shoppe.
 25751 | Orc:2    | Found Rubua's Antique Armour Shop.
 26132 | Orc:1    | Noticed Erolcha
 26156 | Orc:1    | Killed Erolcha
 26262 | Elf:1    | Entered Level 1 of the Elven Halls
 26297 | Elf:1    | Reached skill level 5 in Long Blades
 26299 | Elf:1    | Found a radiant altar of Vehumet.
 26973 | Spider:1 | Reached skill level 5 in Evocations
 27092 | Spider:2 | Offered knowledge of Orb of Destruction by Vehumet.
 27120 | Spider:2 | Noticed Louise
 27129 | Spider:2 | Killed Louise
 27860 | D:14     | Got a pair of pitted gloves
 27866 | D:14     | Identified the +1 pair of gloves "Vumigih" {rPois Str+6
                  | Int-5} (You found it on level 14 of the Dungeon)
 27945 | D:14     | You fall into a shaft and drop 1 floor!
 27945 | D:15     | Entered Level 15 of the Dungeon
 28199 | D:15     | Learned a level 2 spell: Searing Ray
 28317 | D:14     | Learned a level 3 spell: Dazzling Spray
 28323 | D:14     | Learned a level 5 spell: Irradiate
 28327 | D:14     | Learned a level 3 spell: Tukima's Dance
 28875 | D:14     | Found a gate to the Vaults.
 29245 | D:15     | Found a staircase to the Depths.
 29497 | D:15     | Reached skill level 1 in Transmutations
 29553 | Depths:1 | Entered Level 1 of the Depths
 29574 | D:15     | Reached ****** piety under Vehumet
 29644 | D:15     | Reached XP level 17. HP: 64/88 MP: 31/31
 29784 | Depths:1 | Found a gateway to a ziggurat.
 29817 | Depths:1 | Found Suexe's Book Boutique.
 29866 | Depths:1 | Noticed Asterion
 29887 | Depths:1 | Reached skill level 10 in Fighting
 29987 | Depths:1 | Found a gateway to Hell.
 29997 | Depths:1 | Noticed Bai Suzhen
 30656 | Spider:1 | Offered knowledge of Freezing Cloud by Vehumet.
 30664 | Spider:1 | Learned a level 6 spell: Freezing Cloud
 31073 | Spider:1 | Got a wizard robe
 31084 | Spider:1 | Identified the +1 robe "Trusted Companion" {Str+7} (You
                  | found it on level 1 of the Spider Nest)
 31732 | Spider:3 | Reached skill level 1 in Ice Magic
 31770 | Spider:3 | HP: 1/89 [wolf spider (7)]
 31770 | Spider:3 | Slain by a wolf spider

Levels and vault maps discovered:
D:1:      grunt_arrival_crossed_arrows, layout_basic, serial_curves,
          eino_curves_01, eino_curves_02, eino_curves_02
D:2:      layout_basic, minivault_4, uniq_sigmund
D:3:      layout_basic, gup_sewer_entry_spiral, uniq_natasha
D:4:      layout_loops_ring, gammafunk_ghost_arena, first_ration,
          palyth_stone_intersect
D:5:      layout_loops_corners, serial_shops, nicolae_shop_waterfront
D:6:      layout_basic, uniq_edmund, uniq_pikel
D:7:      layout_rooms, led_sif_book, minmay_temple_entry_ruins, the_bakery,
          minmay_gold_behind_fungi, nrook_campfire, zaba_anthole, uniq_menkaure
D:8:      layout_layer_cave, serial_shops, kennysheep_little_box,
          nicolae_underground_beach
D:9:      layout_irregular_city, erik_orc_2, serial_shops, shop, shop_statue,
          shop, nicolae_shop_trees, shop, st_stairs_12
D:10:     layout_rooms, basic_altar, tgw_xom
D:11:     layout_loops_corners, dpeg_oklobed_lair, basic_altar,
          david_defended_altar_elf
D:12:     layout_roguey
D:13:     layout_loops_ring
D:14:     layout_small_grid, ximxim_vaults_locker_room,
          hangedman_abyss_or_decor_stabs, feat_on_display
D:15:     grunt_enter_depths_giant_problem, layout_long_grid,
          nicolae_lava_and_water
Temple:   regret_index_temple_sigil_plot
Lair:1:   lemuel_slime, layout_chaotic_city, serial_bayou_pond_d,
          lemuel_fruit_fields
Lair:2:   layout_loops_ring, infiniplex_staircase_pool, uniq_sonja
Lair:3:   layout_regular_city, minmay_swamp_entry_worms,
          spider_nest_entry_funnel_web, serial_bayou_shore_b,
          lemuel_fruit_fields, uniq_rupert, uniq_snorg
Lair:4:   layout_regular_city, gauntlet_entry_generic, grunt_megastairs_1,
          lemuel_fruit_tree
Lair:5:   layout_misc_corridors, infiniplex_staircase_pool_2
Lair:6:   due_jungle_book, layout_long_grid, minmay_slime_entry_oklob_open,
          serial_bayou_shore_a, grunt_megastairs_5, lemuel_fruit_fields
Swamp:1:  cheibrodos_swamp_monstrosity, layout_basic_swamp,
          portal_ice_cave_entry_frozen_things, hangedman_swamp_blocks
Spider:1: lemuel_spider_zombies
Spider:2: layout_spider_delve, drop_trap, guppyfry_spider_mini_1, uniq_louise
Spider:3: layout_spider_delve
Orc:1:    layout_diamond_mine, uniq_erolcha
Orc:2:    st_orc_ogre_mass, layout_caves, uniq_donald
Elf:1:    eino_elf_arrival_altar, layout_geoelf_diagonals, serial_shops,
          nicolae_shop_competitors_out_of_business, shop, shop,
          hangedman_elf_disciples
Depths:1: layout_big_octagon, enter_ziggurat_e, rand_demon_pan_entry_9,
          hell_entry, kennysheep_nub, serial_shops, shop,
          grunt_decor_resistance, kennysheep_windowed_goal,
          roderic_lattice_octagonal_star, uniq_asterion, uniq_enchantress,
          uniq_bai_suzhen

Skill      XL: |  1  2  3  4  5  6  7  8  9 10 11 12 13 14 15 16 17 |
---------------+----------------------------------------------------+-----
Fighting       | 1 2 3 4 5 6 7 8 9 10 | 10.1
Dodging        | 2 3 4 5 6 7 8 |  8.7
Short Blades   | 1 2 3 5 6 7 9 10 11 | 11.4
Stealth        | 2 3 4 5 6 7 |  7.3
Evocations     | 1 2 4 5 6 |  6.1
Translocations | 2 3 4 5 6 7 |  7.1
Poison Magic   | 2 3 4 5 6 7 8 9 |  9.4
Conjurations   | 1 3 4 5 6 7 8 9 |  9.4
Air Magic      | 1 3 4 5 6 |  6.6
Spellcasting   | 2 3 4 5 6 8 9 |  9.7
Necromancy     | 2 4 5 6 |  6.8
Charms         | 2 4 5 6 7 |  7.0
Long Blades    | 3 7 |  7.4
Transmutations | 1 2 |  2.3
Hexes          | 4 |  4.1
Ice Magic      | 1 |  1.1
Throwing       | |  1.7

Action                   |  1- 3 |  4- 6 |  7- 9 | 10-12 | 13-15 | 16-18 || total
-------------------------+-------+-------+-------+-------+-------+-------++-------
Melee: Dagger            |    60 |    88 |   582 |   836 |   313 |     2 ||  1881
       Bite              |    12 |    30 |   190 |   379 |   535 |   216 ||  1362
       Headbutt          |       |       |       |    12 |    12 |       ||    24
       Rapier            |       |       |       |       |   540 |   167 ||   707
       Long sword        |       |       |       |       |    94 |   168 ||   262
Throw: Javelin           |     6 |       |     3 |       |       |     4 ||    13
       Dart              |    12 |    32 |    22 |    40 |    47 |    11 ||   164
       Throwing net      |       |       |       |     3 |       |     1 ||     4
       Boomerang         |       |       |       |       |     1 |    44 ||    45
 Cast: Mephitic Cloud    |       |       |     3 |    17 |    23 |    10 ||    53
       Corona            |       |       |     1 |     3 |       |     1 ||     5
       Blink             |       |       |     1 |     3 |    29 |    10 ||    43
       Regeneration      |       |       |       |     1 |    42 |    31 ||    74
       Poison Arrow      |       |       |       |       |     7 |     1 ||     8
       Apportation       |       |       |       |       |       |     1 ||     1
       Irradiate         |       |       |       |       |       |     1 ||     1
       Dazzling Spray    |       |       |       |       |       |     4 ||     4
Evoke: Wand              |       |       |       |       |     2 |     4 ||     6
  Use: Scroll            |       |       |    12 |    13 |    11 |     5 ||    41
       Potion            |       |       |       |     2 |     1 |     5 ||     8
 Stab: Sleeping          |     2 |     2 |    16 |    32 |    44 |    27 ||   123
       Confused          |       |       |     1 |    13 |    23 |     5 ||    42
       Held in net/web   |       |       |       |     1 |       |     1 ||     2
       Distracted        |       |       |       |     1 |     2 |     4 ||     7
  Eat: Chunk             |       |     3 |    12 |    22 |    27 |     9 ||    73
       Ration            |       |       |     2 |     4 |     4 |     4 ||    14
Armor: Robe              |     9 |     5 |    48 |    23 |    46 |    85 ||   216
       Leather armour    |       |       |       |    34 |       |       ||    34
       Steam dragon scal |       |       |       |    19 |   138 |       ||   157
       Skin              |       |       |       |       |       |    11 ||    11
Dodge: Dodged            |    25 |    42 |   302 |   378 |   596 |   417 ||  1760
       Rpst.: Long sword |       |       |       |       |    19 |    69 ||    88
